AoeStats
← LordSales

Black Forest

504631120Analyzed
3v3 RM · 26d ago on Sep 6, 2026· 76m 26s· 6 players
Game mode
Random Map
Map size
Normal (6 player)
Population
200
Speed
Normal
Resources
Standard
Victory
Conquest
Starting age
Dark Age
Ending age
Imperial Age
RankedLock teamsTeams togetherTeam positionsShared explorationLock speedFull tech treeHidden civsTurbo modeCheats
Victory
Defeat
🇧🇷 Vietnamese · Brazil
774
+30
🇧🇷 Aztecs · Brazil
691
+15
🇧🇷 Khmer · Brazil
568
+35
🇨🇳 Teutons · China
689
-16
🇵🇪 Khmer · Peru
668
-16
🇪🇸 Magyars · Spain
653
-15
l3141516
1:42 Loom
13:10 Feudal Age
23:34 Castle Age
21:32 Stone Mining
21:32 Gold Mining
21:32 Double-Bit Axe
22:32 Horse Collar
23:54 Arson
28:14 Bow Saw
28:19 Town Watch
30:02 Caravan
31:20 Pikeman
35:44 Fortified Wall
35:56 Heavy Plow
41:05 Imperial Age
39:32 Stone Shaft Mining
39:32 Gold Shaft Mining
39:50 Wheelbarrow
39:49 Husbandry
39:59 Bloodlines
41:00 Light Cavalry
43:11 Chemistry
43:09 Conscription
44:13 Double Crossbow
44:29 Hussar
47:10 Tusk Swords
46:44 Capped Ram
47:55 Bloodlines
48:20 Heavy Scorpion
51:42 Town Patrol
55:23 Siege Ram
Sara
17:23 Feudal Age
18:05 Horse Collar
19:02 Wheelbarrow
19:16 Gold Mining
19:18 Stone Mining
19:15 Double-Bit Axe
19:55 Arson
19:32 Man-at-Arms
21:22 Scale Mail Armor
21:28 Scale Barding Armor
25:10 Castle Age
24:14 Bloodlines
26:30 Hand Cart
26:20 Heavy Plow
26:32 Bow Saw
31:02 Corvinian Army
31:38 Caravan
32:52 Treadmill Crane
33:37 Ballistics
33:11 Guard Tower
34:56 Chain Barding Armor
34:52 Chain Mail Armor
34:01 Pikeman
35:33 Husbandry
34:53 Light Cavalry
38:59 Imperial Age
39:17 Gold Shaft Mining
40:17 Conscription
41:10 Chemistry
40:48 Plate Barding Armor
40:15 Padded Archer Armor
41:15 Recurve Bow
42:11 Halberdier
44:02 Murder Holes
49:00 Onager
60:54 Heavy Scorpion
68:10 Leather Archer Armor
67:46 Fletching
70:01 Ring Archer Armor
69:26 Bodkin Arrow
70:32 Town Watch
70:32 Loom
菜鸟驿站
1:10 Loom
13:46 Feudal Age
20:07 Castle Age
22:50 Double-Bit Axe
23:09 Gold Mining
26:24 Horse Collar
30:21 Imperial Age
28:46 Heavy Plow
29:01 Bow Saw
28:46 Stone Mining
32:27 Wheelbarrow
33:52 Bloodlines
33:03 Cavalier
36:44 Crenellations
36:48 Ironclad
37:54 Hand Cart
39:22 Chemistry
38:43 Ballistics
38:34 Masonry
38:59 Fortified Wall
43:41 Paladin
46:27 Scale Barding Armor
46:34 Forging
46:56 Fletching
52:47 Chain Barding Armor
53:03 Iron Casting
67:01 Elite Skirmisher
70:27 Pikeman
76:51 Conscription
77:08 Hoardings
LordSales
16:09 Feudal Age
16:49 Horse Collar
16:55 Double-Bit Axe
23:35 Castle Age
22:52 Fletching
23:46 Loom
25:07 Bow Saw
24:59 Heavy Plow
25:14 Bodkin Arrow
27:15 Stone Mining
27:20 Gold Mining
27:57 Padded Archer Armor
31:11 Town Watch
31:54 Ballistics
32:31 Leather Archer Armor
33:53 Caravan
35:00 Wheelbarrow
34:39 Town Patrol
39:43 Imperial Age
40:10 Murder Holes
40:27 Masonry
41:02 Double Crossbow
42:34 Light Cavalry
43:24 Bloodlines
43:15 Husbandry
42:38 Elite Ballista Elephant
45:17 Ring Archer Armor
45:13 Bracer
47:01 Hoardings
46:47 Conscription
47:28 Forging
47:24 Scale Barding Armor
48:40 Hussar
49:56 Iron Casting
49:42 Chain Barding Armor
53:25 Blast Furnace
52:45 Chain Barding Armor
59:31 Chain Barding Armor
60:15 Chemistry
59:36 Siege Engineers
60:02 Architecture
59:43 Fortified Wall
73:27 Plate Barding Armor
apollw
13:59 Feudal Age
14:28 Double-Bit Axe
14:26 Horse Collar
16:30 Wheelbarrow
17:50 Loom
22:53 Castle Age
24:08 Bow Saw
25:24 Gold Mining
25:25 Stone Mining
26:26 Heavy Plow
27:00 Caravan
29:27 Gold Shaft Mining
30:55 Hand Cart
32:11 Stone Shaft Mining
34:16 Fervor
39:00 Imperial Age
36:37 Scale Mail Armor
37:26 Fortified Wall
37:05 Treadmill Crane
37:02 Crossbowman
37:48 Town Watch
38:57 Chain Mail Armor
38:54 Forging
39:20 Padded Archer Armor
39:11 Fletching
39:29 Man-at-Arms
39:55 Onager
41:46 Chemistry
41:07 Ballistics
41:34 Sanctity
41:32 Block Printing
41:58 Conscription
41:46 Atlatl
42:11 Murder Holes
42:22 Siege Engineers
41:51 Elite Skirmisher
42:30 Bodkin Arrow
42:51 Leather Archer Armor
43:46 Imperial Skirmisher
45:14 Elite Jaguar Warrior
46:17 Garland Wars
46:30 Plate Mail Armor
46:36 Iron Casting
46:11 Bracer
46:34 Eagle Warrior
47:15 Squires
46:38 Pikeman
50:19 Gambesons
50:20 Arson
52:22 Blast Furnace
52:52 Elite Eagle Warrior
0xSales
13:00 Feudal Age
11:16 Loom
13:45 Double-Bit Axe
14:17 Horse Collar
15:30 Gold Mining
22:40 Stone Mining
28:29 Castle Age
27:27 Padded Archer Armor
27:18 Fletching
29:23 Bow Saw
29:14 Heavy Plow
29:00 Elite Skirmisher
31:07 Coinage
30:41 Caravan
38:12 Imperial Age
36:32 Leather Archer Armor
38:58 Wheelbarrow
40:03 Chemistry
40:21 Imperial Skirmisher
51:21 Bombard Tower
50:46 Arrowslits
51:12 Fortified Wall
50:59 Murder Holes
51:31 Hand Cart
61:25 Pikeman
62:31 Squires
62:17 Arson
67:10 Halberdier
68:32 Ring Archer Armor
67:58 Bodkin Arrow
68:14 Forging
68:05 Scale Mail Armor
68:11 Scale Barding Armor
75:36 Town Watch
76:24 Banking
76:05 Guilds
Connection lost

Rejoining the realm…

Still unreachable

The connection could not be restored.

Session expired

The server has moved on; the page needs a fresh start.